 Dungeon Crawl Stone Soup version 0.28-a0-503-g83f2989fac (webtiles) character file.

Game seed: 12787996798582987790

77 CraigForest the Ducker (level 4, 0/28 HPs)
             Began as a Tengu Monk on Sept 20, 2021.
             Slain by an orc (3 damage)
             ... on level 3 of the Dungeon.
             The game lasted 00:08:01 (2182 turns).

CraigForest the Ducker (Tengu Monk)                 Turns: 2182, Time: 00:08:02

Health: 0/28       AC:  4    Str: 12    XL:     4   Next: 34%
Magic:  5/5        EV: 13    Int: 10    God:
Gold:   61         SH:  5    Dex: 17    Spells: 3/3 levels left

rFire   . . .      SeeInvis .   a - +0 spear
rCold   . . .      Faith    .   (no shield)
rNeg    . . .      Spirit   .   h - +1 leather armour {rPois}
rPois   +          Reflect  +   (helmet restricted)
rElec   .          Harm     .   (no cloak)
rCorr   .          Rampage  .   (no gloves)
Will    .....                   (boots unavailable)
Stlth   ++........              g - amulet of reflection
HPRegen 0.09/turn               (no ring)
MPRegen 0.09/turn               (no ring)

@: no status effects
A: beak, talons 3
a: no special abilities


You were on level 3 of the Dungeon.
You visited 1 branch of the dungeon, and saw 3 of its levels.

You collected 61 gold pieces.

Inventory:

Hand Weapons
 a - a +0 spear (weapon)
 n - a +0 hunting sling
Missiles
 m - 26 arrows
 q - 7 boomerangs (quivered)
 r - 16 poisoned darts
Armour
 b - a +0 robe
 h - a +1 leather armour of poison resistance (worn)
 j - a +0 scale mail
Jewellery
 g - an amulet of reflection (around neck)
Scrolls
 d - a scroll of fear
 f - a scroll of blinking {unknown}
 i - 2 scrolls of identify {unknown}
 k - a scroll of acquirement {unknown}
 o - a scroll of fog {unknown}
 p - a scroll of teleportation {unknown}
Potions
 c - a potion of magic {unknown}
 e - 3 potions of curing {unknown}
 l - a potion of resistance {unknown}


   Skills:
 - Level 3.2 Fighting
 - Level 4.0 Polearms
 - Level 2.0 Armour
 - Level 4.0 Dodging
 - Level 2.0 Stealth
 + Level 1.1 Necromancy


You had 3 spell levels left.
You didn't know any spells.
Your spell library contained the following spells:

 Spells                   Type           Power      Damage    Failure   Level
 Ensorcelled Hibernation  Hex/Ice        0%         N/A       58%         2
 Slow                     Hex            0%         N/A       58%         2
 Vampiric Draining        Necr           1%         2d6       67%         3
 Confusing Touch          Hex            0%         N/A       82%         3
 Spider Form              Tmut/Pois      0%         N/A       82%         3


Dungeon Overview and Level Annotations

Branches:
Dungeon (3/15)

Altars:


Innate Abilities, Weirdness & Mutations

You have a beak for a mouth.
You have claws for feet.


Message History

The orc wizard is almost dead.
The orc wizard points at you and mumbles some strange words.
You are confused.
The orc hits you with a +0 falchion.
The orc wizard gestures wildly while chanting.
The orc wizard flickers and vanishes!
Deactivating autopickup; reactivate with Ctrl-A.
The orc completely misses you.
You're too confused to aim your attacks!
Unknown command.
You barely miss the orc. Your kick misses the orc. You peck the orc.
The orc is severely wounded.
The orc hits you with a +0 falchion.
You barely miss the orc. The orc misses you.
Something hits you but does no damage.
You closely miss the orc. You claw the orc.
You kill the orc!
The orc hits you with a +0 falchion. The orc barely misses you.
Something hits you but does no damage.
You barely miss the orc. You peck the orc.
The orc is lightly wounded.
The orc hits you with a +0 falchion.
* * * LOW HITPOINT WARNING * * *
The orc hits you with a +0 short sword.
* * * LOW HITPOINT WARNING * * *
Something hits you but does no damage.
You're too confused to move!
You feel less confused. You block the orc's attack.
You hear some strange, mumbled words.
You are confused.
You're too confused to move!
You closely miss the orc. The orc barely misses you.
The orc hits you with a +0 short sword.
* * * LOW HITPOINT WARNING * * *
You feel less confused. Something hits you.
* * * LOW HITPOINT WARNING * * *
The orc hits you with a +0 falchion.
You die...

#............#
#.)..........
#.#..)....... ..
#...###.#..# ##
#.......#..
####..##.#.#.#
#.o......#+#.#
+.o..>.......#
#.@{.........#
#.................#
#.###########....†#
#....#'#.#
#......#.#
#......#.#
#......#.#
#......#.#
########.#


You could see 2 orcs.

Vanquished Creatures
  2 worms (D:2)
  An orc (D:3)
  4 bats
  7 endoplasms
  2 giant cockroaches
  9 goblins
  5 hobgoblins
  7 jackals (D:1)
  4 kobolds
  4 quokkas
  9 ball pythons
  4 frilled lizards
  2 rats
60 creatures vanquished.

Notes
Turn   | Place    | Note
-------+----------+-------------------------------------------
     0 | D:1      | CraigForest the Tengu Monk began the quest for the Orb.
     0 | D:1      | Reached XP level 1. HP: 14/14 MP: 2/2
   265 | D:1      | Reached XP level 2. HP: 17/19 MP: 3/3
   807 | D:1      | Reached XP level 3. HP: 23/23 MP: 4/4
  1605 | D:2      | Reached skill level 1 in Armour
  1862 | D:2      | Found a faded altar of an unknown god.
  1867 | D:2      | Reached XP level 4. HP: 28/28 MP: 5/5
  2155 | D:3      | Reached skill level 1 in Necromancy
  2182 | D:3      | Slain by an orc

Illustrated notes

Levels and vault maps discovered:
D:1:      lemuel_arrival_tunnels, layout_loops_corners, minmay_cut_off
D:2:      layout_rooms, chequers_ecumenical_altar_island
D:3:      layout_basic, minmay_quantized

Skill      XL: |  1  2  3  4 |
---------------+-------------+-----
Dodging        | 4 |  4.0
Polearms       | 4 |  4.0
Armour         | 1 2 |  2.0
Necromancy     | 1 |  1.1
Fighting       | |  3.2
Stealth        | |  2.0

Action                   |  1- 3 |  4- 6 || total
-------------------------+-------+-------++-------
Melee: Spear             |   130 |    42 ||   172
       Kick              |    29 |    11 ||    40
       Peck              |    10 |     6 ||    16
  Use: Scroll            |     1 |       ||     1
 Stab: Sleeping          |     5 |       ||     5
Armor: Robe              |     2 |       ||     2
       Leather armour    |    15 |     6 ||    21
Dodge: Dodged            |    52 |    13 ||    65
Block: Other             |    19 |     3 ||    22

Table legend: (Time is in decaauts)
 A = Elapsed time spent in this place.
 B = Non-inter-level travel time spent in this place.
 C = Inter-level travel time spent in this place.
 D = Time resting spent in this place.
 E = Time spent auto-exploring this place.
 F = Levels seen in this place.
 G = Mean time per level.
                   A        B        C        D        E       F      G
               +--------+--------+--------+--------+--------+-----+--------+
         Total |   2169 |   2117 |     52 |      0 |   1668 |   3 |  723.0 |
       Dungeon |   2169 |   2117 |     52 |      0 |   1668 |   3 |  723.0 |
               +--------+--------+--------+--------+--------+-----+--------+

Top non-repeatable levels by time:
     D:1: 1581 daAuts
     D:2: 483 daAuts
     D:3: 104 daAuts
